 Dungeon Crawl Stone Soup version 0.23-a0-321-g6bcb69f (webtiles) character file.

75609 Garbasso the Earth Mage (level 15, 0/103 HPs)
             Began as a Gargoyle Earth Elementalist on Oct 15, 2018.
             Was a Priest of Ru.
             Hit by a large rock thrown by a cyclops (31 damage)
             ... on level 2 of the Orcish Mines.
             The game lasted 02:03:17 (29045 turns).

Garbasso the Earth Mage (GrEE)                     Turns: 29045, Time: 02:03:18

Health: 0/103      AC: 28    Str: 12    XL:     15   Next: 50%
Magic:  10/31      EV: 12    Int: 23    God:    Ru [***...]
Gold:   1161       SH:  6    Dex: 10    Spells: 2/24 levels left

rFire    . . .     SeeInvis .   z - +2 demon whip (vamp)
rCold    . . .     Gourm    .   M - +1 buckler {reflect}
rNeg     + + .     Faith    .   L - +3 leather armour of the Heron {+Blink rElec rN+}
rPois    ∞         Spirit   .   Y - +1 helmet {Int+3}
rElec    +         Reflect  +   t - +0 cloak {rPois}
rCorr    .         Harm     .   R - +1 pair of gloves
MR       +....                  c - +2 pair of boots {run}
Stlth    ++........             j - amulet of the acrobat
HPRegen  0.27/turn              C - ring of wizardry
MPRegen  0.22/turn              P - ring of magical power

@: no potions, quick
A: big wings, negative energy resistance 1, electricity resistance, weak 1,
unbreathing, petrification resistance, rot immunity, inability to drink while
threatened, hated by all, AC +11
a: Fly, Draw Out Power, Renounce Religion, Evoke Blink


You were on level 2 of the Orcish Mines.
You worshipped Ru.
Ru was most pleased with you.
You were not hungry.

You visited 4 branches of the dungeon, and saw 24 of its levels.
You also visited: Labyrinth and Sewer.

You collected 1995 gold pieces.
You spent 834 gold pieces at shops.

Inventory:

Hand Weapons
 z - a +2 vampiric demon whip (weapon)
Missiles
 b - 190 stones (quivered)
 I - a throwing net
Armour
 c - a +2 pair of boots of running (worn)
 t - a +0 cloak of poison resistance (worn)
 L - the +3 leather armour of the Heron (worn) {+Blink rElec rN+}
   (You found it on level 1 of the Lair of Beasts)

   It insulates you from electricity.
   It protects you from negative energy.
   It lets you blink.
 M - a +1 buckler of reflection (worn)
 R - a +1 pair of gloves (worn)
 Y - a +1 helmet of intelligence (worn)
Magical Staves
 v - an uncursed staff of summoning {unknown}
 A - an uncursed staff of poison {unknown}
Jewellery
 e - an uncursed ring of fire
 j - an amulet of the acrobat (around neck)
 p - an uncursed ring of protection from magic
 B - an uncursed ring of ice
 C - a ring of wizardry (left hand)
 D - a +2 ring of strength
 G - an uncursed ring of positive energy
 O - an uncursed ring of protection from fire
 P - a ring of magical power (right hand)
 U - an uncursed ring of resist corrosion
 W - an uncursed ring of protection from fire
 Z - a +4 ring of dexterity
Wands
 l - a wand of acid (20)
 E - a wand of iceblast (21)
 K - a wand of disintegration (16)
 N - a wand of clouds (3)
 S - a wand of digging (10)
 V - a wand of polymorph (9)
Scrolls
 f - 12 scrolls of remove curse
 i - a scroll of fear
 n - 3 scrolls of teleportation
 u - a scroll of enchant armour
 y - 2 scrolls of fog
 F - 2 scrolls of amnesia
 J - a scroll of immolation
 Q - 4 scrolls of blinking
Potions
 a - a potion of invisibility
 g - 2 potions of magic
 h - 2 potions of resistance
 k - 4 potions of ambrosia
 m - a potion of agility
 o - 10 potions of heal wounds
 q - 3 potions of berserk rage
 r - 4 potions of lignification
 s - 7 potions of curing
 w - 2 potions of brilliance
 x - 5 potions of mutation
 H - 2 potions of might
 X - 2 potions of haste
Comestibles
 d - 27 rations
 T - 4 chunks of flesh


   Skills:
 + Level 15.4 Fighting
 + Level 6.8 Maces & Flails
 + Level 10.7 Armour
 + Level 3.0 Dodging
 - Level 2.1 Stealth
 - Level 5.3 Shields
 - Level 5.0 Spellcasting
 - Level 10.0 Conjurations
 - Level 5.0 Necromancy
 - Level 0.7 Transmutations
 * Level 16.4 Earth Magic
   Level 2.0 Invocations


You had 2 spell levels left.
You knew the following spells:

 Your Spells              Type           Power        Failure   Level  Hunger
a - Sandblast             Erth           ######       0%          1    None
b - Stone Arrow           Conj/Erth      ######       1%          3    ##.....
c - Lee's Rapid Deconstr  Erth           ######....   1%          5    #####..
d - Borgnjor's Vile Clut  Necr/Erth      ######....   1%          5    #####..
e - Passwall              Tmut/Erth      #####...     1%          2    None
f - Iron Shot             Conj/Erth      ######....   3%          6    #######

Your spell library contained the following spells:

 Spells                   Type           Power        Failure   Level  Hunger
 Pain                     Necr           ####         1%          1    None
 Apportation              Tloc           #.....       4%          1    None
 Corona                   Hex            #......      4%          1    None
 Ensorcelled Hibernation  Hex/Ice        #.....       7%          2    None
 Poisonous Vapours        Pois/Air       #.....       7%          2    None
 Slow                     Hex            #.......     7%          2    None
 Conjure Flame            Conj/Fire      ####....     1%          3    ##.....
 Vampiric Draining        Necr           ####......   1%          3    ##.....
 Leda's Liquefaction      Hex/Erth       #####.....   1%          4    ####...
 Petrify                  Tmut/Erth      #####...     1%          4    ####...
 Mephitic Cloud           Conj/Pois/Air  ###.....     3%          3    ##.....
 Bolt of Magma            Conj/Fire/Erth #####.....   3%          5    #####..
 Regeneration             Chrm/Necr      ###.......   4%          3    ##.....
 Inner Flame              Hex/Fire       #.......     14%         3    ##.....
 Portal Projectile        Hex/Tloc       #.....       14%         3    ##.....
 Teleport Other           Tloc           #.......     14%         3    ##.....
 Irradiate                Conj/Tmut      ####......   14%         5    #####..
 Iskenderun's Battlesphe  Conj/Chrm      ####....     16%         5    #####..
 Venom Bolt               Conj/Pois      ####......   16%         5    #####..
 Cause Fear               Hex            #.........   41%         4    ####...
 Passage of Golubria      Tloc           N/A          41%         4    ####...
 Orb of Destruction       Conj           ######....   52%         7    #######
 Blade Hands              Tmut           #.........   65%         5    #####..
 Silence                  Hex/Air        #.........   75%         5    #####..
 Freezing Cloud           Conj/Ice/Air   ###.......   85%         6    #######
 Darkness                 Hex            #.........   99%         6    #######
 Dispersal                Tloc           #.........   99%         6    #######
 Shatter                  Erth           ######....   99%         9    #######
 Ring of Flames           Chrm/Fire      #.........   100%        7    #######
 Controlled Blink         Tloc           N/A          100%        8    #######
 Animate Skeleton         Necr           Unusable     N/A         1    N/A
 Summon Small Mammal      Summ           Unusable     N/A         1    N/A
 Call Imp                 Summ           Unusable     N/A         2    N/A
 Animate Dead             Necr           Unusable     N/A         4    N/A
 Call Canine Familiar     Summ           Unusable     N/A         3    N/A
 Summon Guardian Golem    Hex/Summ       Unusable     N/A         3    N/A
 Statue Form              Tmut/Erth      Unusable     N/A         6    N/A
 Summon Ice Beast         Ice/Summ       Unusable     N/A         4    N/A
 Summon Lightning Spire   Summ/Air       Unusable     N/A         4    N/A
 Summon Forest            Summ/Tloc      Unusable     N/A         5    N/A
 Shadow Creatures         Summ           Unusable     N/A         6    N/A
 Spellforged Servitor     Conj/Summ      Unusable     N/A         7    N/A

Dungeon Overview and Level Annotations

Branches:
Dungeon (15/15)            Temple (1/1) D:6            Lair (6/6) D:9
 Shoals (0/4) Lair:3       Spider (0/4) Lair:2        Slime (0/5) Lair:6
    Orc (2/2) D:9             Elf (0/3) Orc:2        Vaults (0/5) D:13
 Depths (0/5) D:15

Altars:
Ashenzari
Cheibriados
Dithmenos
Elyvilon
Fedhas
Gozag
Hepliaklqana
Kikubaaqudgha
Makhleb
Nemelex Xobeh
Okawaru
Qazlal
Ru
Sif Muna
Trog
Uskayaw
Vehumet
Wu Jian
Xom
Yredelemnul
Zin
The Shining One
Beogh

Shops:
D:9 [}*[[   D:13 =   Orc:2 (

Annotations:
D:7 2 transporters, Edmund; Scuka's ghost, novice TrBe
Lair:5 3 runed doors, exclusion: downstairs, Goofits's ghost, journeyman HaGl
Lair:6 exclusion: 2 oklob plants


Innate Abilities, Weirdness & Mutations

You are resistant to torment.
Your stone body is resilient. (AC +11)
You are immune to poison.
Your large and strong wings let you fly indefinitely.
You resist negative energy. (rN+)
You are resistant to electric shocks. (rElec)
You are weak. (Str -2)
You can survive without breathing.
You are immune to petrification.
You are immune to rotting.
You cannot drink potions while threatened.
You are hated by all.


Message History

The zombie hands constrict the cyclops.
You kill the cyclops!
The cyclops throws a large rock.
The large rock misses you.
The cyclops throws a large rock.
The large rock hits you!
You see here a large rock.
The stone giant throws a large rock.
The large rock hits you but does no damage.
You see here a large rock.
The stone giant throws a large rock.
The large rock completely misses you.
You see here a large rock.
The cyclops throws a large rock.
You reflect the large rock off your +1 buckler of reflection!
The large rock hits the cyclops!
A cyclops comes into view.
The troll shouts!
There is a stone staircase leading up here.
The cyclops throws a large rock.
The large rock hits you!
The orc priest begins to pray, but is stunned by your will!
The cyclops throws a large rock.
The large rock hits you!!
You die...

,*,**,*......P......,,,,,,,,,,,,,
,,*,***#.C.............,,,,,,,,,,
,,,,,* #................,,,,,,,,,
.o,,,####C....$..#......,,,,,,,,,
....##(.......C.....#...,,,,,,,,,
#$....)†...........#....****,,,,,
#....#..((...o.........#,*,*,,,,,
......#..(...o......#,*,,,,,,,,,,
#.......$.o.(C(o@(.##,*,,,,*,,,,,
...........$.o....#....h,,,**,,,,
........................,,,,*,,,,
.........P...........T..,,,,**,,,
.......P.P..P...........,,,,,,,,,
,..........P............,,,,,,,,,
<,,.....................,,**,**,*
,,,,...P.....P..$.......,,,******
,,,,,,,,,∩,,,,,,,,,,,,,,,,,,*


You could see a stone giant, 3 cyclopes, a troll, a warg (wandering), an orc
warrior, an orc priest and 3 orcs.

Vanquished Creatures
  Rupert (D:12)
  Agnes (D:15)
  Roxanne (D:15)
  Nessos (Lair:6)
  A minotaur (Lab)
  A dire elephant (D:14)
  A great orb of eyes (D:15)
  A catoblepas (D:14)
  Harold (D:7)
  5 hydras
  Erolcha (Orc:1)
  8 vault guards (D:13)
  4 centaur warriors
  4 two-headed ogres
  8 death yaks
  2 tengu warriors (D:15)
  Nergalle (D:12)
  An unseen horror (D:14)
  A flayed ghost (D:8)
  The ghost of heinrich the Summoner, a novice FeSu of Hepliaklqana (D:14)
  An ugly thing (D:12)
  A salamander (D:15)
  3 manticores
  A cyclops (Orc:2)
  2 centaur zombies
  A merfolk siren (Lair:3)
  3 elephants (Lair:5)
  Joseph (D:7)
  2 black mambas
  3 gargoyles
  Maurice (D:8)
  3 spiny frogs
  5 centaur skeletons
  2 kobold demonologists
  A rime drake (Lair:5)
  8 komodo dragons
  2 efreet (D:15)
  4 trolls
  A hornet (Lair:4)
  A polar bear (Lair:3)
  3 meliai (D:15)
  A meliai zombie (D:14)
  21 blink frogs
  6 slime creatures
  6 dream sheep
  11 hippogriffs
  4 redbacks (Lair:2)
  5 shadows
  3 basilisks
  5 wraiths
  40 yaks
  3 wyverns
  2 vampire mosquitoes (D:14)
  3 acid dragons
  A soldier ant (D:11)
  8 water moccasins
  12 porcupines
  2 ice beasts
  3 black bears
  A necrophage (D:11)
  9 orc warriors
  5 sky beasts
  11 wolves
  4 centaurs
  6 ogres
  8 big kobolds
  13 crocodiles
  11 bullfrogs
  A gnoll sergeant (D:11)
  A wyvern zombie (D:14)
  3 scorpions
  11 killer bees
  8 wights
  An electric eel (D:11)
  8 crimson imps
  2 hounds
  2 jellies
  A quasit (D:9)
  12 orc priests
  13 orc wizards
  4 bullfrog skeletons
  6 iguanas
  10 worker ants
  A killer bee zombie (D:5)
  A hound skeleton (D:10)
  8 gnolls
  10 adders
  A river rat (Sewer)
  2 shadow imps
  An ooze (D:6)
  2 adder skeletons
  4 worms
  4 dart slugs
  9 leopard geckos
  48 orcs
  5 ball pythons
  5 giant cockroaches
  13 goblins
  12 hobgoblins
  13 jackals
  36 kobolds
  4 quokkas
  17 bats
  6 frilled lizards
  A jackal zombie (D:4)
  13 rats
  2 fungi
  2 plants (D:11)
601 creatures vanquished.

Vanquished Creatures (others)
  A manticore (D:15)
  A cyclops (D:15)
  A polar bear (Lair:3)
  A blink frog (Lair:6)
  A centaur (D:11)
  A killer bee (D:12)
  A worker ant (D:11)
  6 fungi
  15 plants
28 creatures vanquished.

Grand Total: 629 creatures vanquished

Notes
Turn   | Place    | Note
-------+----------+-------------------------------------------
     0 | D:1      | Garbasso the Gargoyle Earth Elementalist began the quest
                  | for the Orb.
     0 | D:1      | Reached XP level 1. HP: 10/10 MP: 3/3
   214 | D:1      | Reached skill level 4 in Earth Magic
   214 | D:1      | Reached XP level 2. HP: 16/16 MP: 1/5
   432 | D:1      | Reached skill level 1 in Fighting
   433 | D:1      | Reached XP level 3. HP: 20/20 MP: 0/6
   493 | D:1      | Learned a level 3 spell: Stone Arrow
  1919 | D:2      | Reached XP level 4. HP: 26/26 MP: 7/7
  2509 | D:3      | Reached skill level 5 in Earth Magic
  2736 | D:3      | Found a shadowy altar of Dithmenos.
  2761 | D:3      | Reached XP level 5. HP: 23/30 MP: 0/9
  2824 | D:2      | Learned a level 5 spell: Lee's Rapid Deconstruction
  3343 | D:3      | Found a blossoming altar of Fedhas.
  4026 | D:4      | Reached skill level 6 in Earth Magic
  4045 | D:4      | Reached XP level 6. HP: 25/37 MP: 0/10
  4439 | D:5      | Entered Level 5 of the Dungeon
  4685 | D:5      | Found a glowing drain.
  4703 | Sewer    | Entered a sewer
  4806 | Sewer    | Reached skill level 7 in Earth Magic
  4928 | Sewer    | Found a white marble altar of Elyvilon.
  5138 | D:5      | Reached XP level 7. HP: 26/42 MP: 11/11
  5454 | D:5      | Reached skill level 8 in Earth Magic
  5602 | D:5      | You fall through a shaft for 2 floors!
  5602 | D:7      | Found a white marble altar of Elyvilon.
  5610 | D:7      | Became a worshipper of Elyvilon the Healer
  5642 | D:7      | Reached skill level 1 in Invocations
  5858 | D:6      | Reached skill level 5 in Fighting
  5858 | D:6      | Reached skill level 9 in Earth Magic
  5858 | D:6      | Reached XP level 8. HP: 48/49 MP: 0/12
  6187 | D:6      | Found a staircase to the Ecumenical Temple.
  6195 | Temple   | Entered the Ecumenical Temple
  6214 | Temple   | Reached * piety under Elyvilon
  6298 | Temple   | Fell from the grace of Elyvilon
  6298 | Temple   | Became a worshipper of Ru the Awakened
  7030 | D:7      | Noticed Harold
  7049 | D:7      | HP: 2/50 [Harold/+0 short sword (9)]
  7063 | D:7      | Killed Harold
  7063 | D:7      | Reached skill level 11 in Earth Magic
  7063 | D:7      | Reached XP level 9. HP: 38/56 MP: 13/13
  7064 | D:7      | Noticed Edmund
  7253 | D:7      | Found a glowing silver altar of Zin.
  7347 | D:7      | Found a transporter.
  7352 | D:7      | Found a transporter.
  7357 | D:7      | Noticed Scuka's ghost (novice TrBe)
  7492 | D:7      | Found a sparkling altar of Nemelex Xobeh.
  7521 | D:7      | Gained mutation: You cannot drink potions while threatened.
                  | [Ru sacrifice]
  7521 | D:7      | Reached * piety under Ru
  7742 | D:7      | Noticed Joseph
  7752 | D:7      | Killed Joseph
  8174 | D:8      | Found a bloodstained altar of Trog.
  8204 | D:8      | Noticed a two-headed ogre
  8414 | D:8      | Killed a two-headed ogre
  8414 | D:8      | Reached skill level 12 in Earth Magic
  8705 | D:8      | Noticed Maurice
  8822 | D:8      | Got a shimmering leather armour
  8833 | D:8      | Identified the +1 leather armour "Mym Qush" {rCorr} (You
                  | found it on level 8 of the Dungeon)
  8870 | D:8      | Found a basalt altar of Yredelemnul.
  8915 | D:8      | Found a runed door.
  8951 | D:8      | Reached skill level 13 in Earth Magic
  8951 | D:8      | Reached XP level 10. HP: 33/65 MP: 7/14
  9105 | D:8      | Found a sparkling altar of Nemelex Xobeh.
  9137 | D:8      | Reached skill level 1 in Maces & Flails
  9277 | D:8      | Reached skill level 1 in Armour
  9331 | D:8      | Found an opulent altar of Gozag.
  9369 | D:8      | Found an iron altar of Okawaru.
  9441 | D:8      | Found a shadowy altar of Dithmenos.
  9457 | D:8      | Found a hazy altar of Hepliaklqana.
  9524 | D:8      | Killed Maurice
  9592 | D:8      | Learned a level 5 spell: Borgnjor's Vile Clutch
  9716 | D:8      | Noticed a three-headed hydra
  9726 | D:8      | Killed a three-headed hydra
 10133 | D:8      | Noticed a flayed ghost
 10138 | D:8      | Killed a flayed ghost
 10283 | D:9      | Found Peohisku's Antique Armour Emporium.
 10287 | D:9      | Reached XP level 11. HP: 72/72 MP: 8/15
 10350 | D:9      | Bought a pair of glowing gloves for 217 gold pieces
 10544 | D:9      | Found a staircase to the Lair.
 10662 | D:9      | Found a staircase to the Orcish Mines.
 10782 | D:9      | Reached skill level 5 in Armour
 10885 | D:9      | Found a roughly hewn altar of Beogh.
 10894 | D:9      | Found Ladial's Armour Shoppe.
 11082 | D:9      | Found Hakof's Gadget Emporium.
 11141 | D:9      | Found Lugyic's General Store.
 11162 | D:9      | Found Exynozosch's Antique Armour Boutique.
 11316 | D:9      | Found a deep blue altar of Sif Muna.
 11322 | D:9      | Found a shimmering altar of Xom.
 11323 | D:9      | Found an ancient bone altar of Kikubaaqudgha.
 11386 | Lair:1   | Entered Level 1 of the Lair of Beasts
 11403 | Lair:1   | Got a translucent leather armour
 11426 | Lair:1   | Identified the +3 leather armour of the Heron {+Blink rElec
                  | rN+} (You found it on level 1 of the Lair of Beasts)
 11474 | Lair:1   | Reached skill level 10 in Fighting
 11502 | Lair:1   | Reached skill level 5 in Necromancy
 12277 | D:9      | Bought a runed buckler for 217 gold pieces
 12302 | Orc:1    | Entered Level 1 of the Orcish Mines
 12345 | Orc:1    | Reached skill level 1 in Shields
 12425 | Orc:1    | Noticed Erolcha
 12431 | Orc:1    | Killed Erolcha
 12645 | Orc:1    | Learned a level 2 spell: Passwall
 12855 | Orc:1    | Gained mutation: You are hated by all. [Ru sacrifice]
 12855 | Orc:1    | Reached ** piety under Ru
 13508 | Lair:2   | Reached XP level 12. HP: 80/80 MP: 14/16
 13947 | Lair:2   | Noticed a four-headed hydra
 13950 | Lair:2   | Killed a four-headed hydra
 13950 | Lair:2   | Reached skill level 5 in Shields
 14295 | Lair:2   | Found a hole to the Spider Nest.
 14339 | Lair:2   | Found a deep blue altar of Sif Muna.
 14690 | Lair:3   | Noticed a seven-headed hydra
 14695 | Lair:3   | Killed a seven-headed hydra
 14850 | Lair:3   | Found a staircase to the Shoals.
 14902 | Lair:3   | Reached skill level 14 in Earth Magic
 15011 | Lair:3   | Found an ornate altar of the Wu Jian Council.
 15036 | Lair:3   | Gained mutation: You are weak. (Str -2) [Ru sacrifice]
 15036 | Lair:3   | Reached *** piety under Ru
 16944 | Lair:5   | Found a runed gate.
 16945 | Lair:5   | Found a runed gate.
 16945 | Lair:5   | Noticed a 14-headed hydra
 16945 | Lair:5   | Noticed Goofits's ghost (journeyman HaGl)
 16946 | Lair:5   | Found a runed gate.
 16947 | Lair:5   | Noticed a nine-headed hydra
 16979 | Lair:5   | Reached XP level 13. HP: 75/86 MP: 17/17
 17140 | Lair:5   | Reached skill level 5 in Maces & Flails
 17822 | Lair:6   | Entered Level 6 of the Lair of Beasts
 17822 | Lair:6   | Found a staircase to the Slime Pits.
 18073 | Lair:6   | Reached skill level 10 in Armour
 18337 | Lair:6   | Reached skill level 1 in Conjurations
 18642 | Lair:5   | Reached skill level 15 in Earth Magic
 19388 | Lair:6   | Reached skill level 5 in Spellcasting
 19398 | Lair:6   | Learned a level 6 spell: Iron Shot
 19508 | Lair:6   | Reached skill level 5 in Conjurations
 19765 | Lair:6   | Gained mutation: Your large and strong wings let you fly
                  | indefinitely. [Gargoyle growth]
 19765 | Lair:6   | Reached XP level 14. HP: 94/94 MP: 21/21
 19852 | Lair:6   | Noticed Nessos
 19859 | Lair:6   | Killed Nessos
 20201 | D:10     | Entered Level 10 of the Dungeon
 20375 | D:10     | Found an opulent altar of Gozag.
 20741 | D:10     | Identified a +2 pair of boots of running (You found it on
                  | level 10 of the Dungeon)
 21905 | D:12     | Noticed Rupert
 21930 | D:12     | Killed Rupert
 22134 | D:12     | Noticed Nergalle
 22144 | D:12     | Killed Nergalle
 23176 | D:13     | Identified the Grimoire of Translocation and Stones
 23244 | D:13     | Reached skill level 16 in Earth Magic
 23660 | D:13     | Reached skill level 10 in Conjurations
 23832 | D:13     | Found a gate to the Vaults.
 23891 | D:13     | Found Gaykitug's Jewellery Emporium.
 24923 | D:14     | Found a runed gate.
 24924 | D:14     | Found a runed gate.
 24925 | D:14     | Found a runed gate.
 24926 | D:14     | Noticed heinrich's ghost (novice FeSu)
 24936 | D:14     | Killed heinrich's ghost
 24936 | D:14     | Reached XP level 15. HP: 101/101 MP: 19/22
 24962 | D:14     | Reached skill level 15 in Fighting
 25529 | D:15     | Entered Level 15 of the Dungeon
 25530 | D:15     | Noticed Agnes
 25539 | D:15     | Killed Agnes
 25901 | D:15     | Identified a scroll of acquirement
 25902 | D:15     | Got a steaming plate armour
 26426 | D:15     | Noticed Roxanne
 26436 | D:15     | Killed Roxanne
 26631 | D:15     | Found a staircase to the Depths.
 27676 | D:13     | Bought an uncursed ring of protection from magic for 400
                  | gold pieces
 27814 | Orc:2    | Entered Level 2 of the Orcish Mines
 27818 | Orc:2    | Found a labyrinth entrance.
 27823 | Orc:2    | Found Hosif's Antique Weapon Emporium.
 27827 | Lab      | Entered a labyrinth
 28961 | Lab      | Identified the +8 short sword of Blood-Lust {freeze, rPois
                  | rF+ MR- Dex+2}
 28975 | Lab      | Identified the Collected Works on the Arsonist and
                  | Transmutation
 28978 | Lab      | Identified the Grimoire of the Voyage
 29045 | Orc:2    | Hit by a large rock thrown by a cyclops

Vault maps used:
D:1:      dpeg_arrival_long_road, minmay_hexomino_p4
D:3:      minmay_diamond_boxcup, lemuel_doored_altar,
          nicolae_dithmenos_shadow_blocks
D:5:      gup_sewer_entry_bubbles, serial_curves, eino_curves_02,
          eino_curves_02, first_ration
D:6:      minmay_temple_entry_trees
D:7:      kennysheep_mini, elyvilon_altar_1, old_standard_altar,
          gammafunk_ghost_mausoleum, sigmund_edmund_badplayer, uniq_joseph,
          uniq_harold
D:8:      due_megacathedral, kennysheep_mini_moat, minmay_holes,
          hangedman_ranch, uniq_maurice
D:9:      minitemple, grunt_lair_entry_orc_guard_hut,
          minmay_orc_entry_temple_small, serial_shops, shop, shop_fountains,
          shop, nicolae_shop_overgrown_old_shop, nicolae_shop_window_shopping
D:10:     grunt_gozag_breadcrumbs
D:11:     serial_bayou, serial_bayou_pond_c, serial_bayou_shore_a,
          serial_bayou_crossing, serial_bayou_pond_b
D:12:     kennysheep_crisscross, uniq_rupert, uniq_nergalle
D:13:     erik_vaults_2, serial_shops, shop_coins
D:14:     minmay_misc_feat_columns, ebering_ghost_rock_garden,
          minmay_variable_closet, nicolae_two_hexagons, grunt_decor_cap,
          chequers_serial_rivers_micro_d, kennysheep_doodads,
          lightli_corner_chamber
D:15:     hangedman_depths_entry_try_elsewhere_first, minmay_misc_feat_tiny,
          uniq_roxanne, uniq_agnes
Temple:   cyrus_circular_temple
Lair:1:   grunt_megastairs_1
Lair:2:   spider_nest_entry_webs, basic_altar
Lair:3:   minmay_shoals_entry_lonely_mermaid, basic_altar, st_stairs_3,
          serial_bayou_pond_b, columned_hall_lemuel,
          chequers_serial_rivers_small_a
Lair:4:   chequers_serial_rivers_large_a
Lair:5:   gammafunk_ghost_hydra_chop
Lair:6:   cheibrodos_lair_end_hotspot, minmay_slime_entry_oklob_open,
          uniq_nessos
Orc:1:    abandoned_shop, uniq_erolcha
Orc:2:    grunt_orc_gardens, grunt_orc_garden, grunt_orc_garden,
          grunt_orc_garden, grunt_orc_garden, lab_entry_generic
Lab:      nicolae_lab_dead_adventurers, nicolae_lab_stuck
Sewer:    sewer_kobolds

Skill      XL: |  1  2  3  4  5  6  7  8  9 10 11 12 13 14 15 |
---------------+----------------------------------------------+-----
Earth Magic    | 4 5 6 7 9 11 13 14 15 16 | 16.4
Fighting       | 1 2 3 5 6 8 9 11 12 13 14 15 | 15.4
Spellcasting   | 3 5 |  5.0
Invocations    | 1 2 |  2.0
Maces & Flails | 2 4 6 |  6.8
Armour         | 4 7 9 10 | 10.7
Necromancy     | 3 5 |  5.0
Shields        | 4 5 |  5.3
Conjurations   | 5 10 | 10.0
Dodging        | 3 |  3.0
Stealth        | |  2.1
Transmutations | |  0.7

Action                   |  1- 3 |  4- 6 |  7- 9 | 10-12 | 13-15 || total
-------------------------+-------+-------+-------+-------+-------++-------
Melee: Unarmed           |    18 |       |       |       |       ||    18
       Flail             |    34 |    44 |     6 |       |       ||    84
       Morningstar       |       |    92 |    30 |       |       ||   122
       Whip              |       |       |    37 |       |       ||    37
       Demon whip        |       |       |    68 |   474 |  1219 ||  1761
Throw: Stone             |       |     2 |       |       |       ||     2
 Cast: Sandblast         |    31 |    84 |    70 |   147 |    87 ||   419
       Stone Arrow       |     5 |     4 |     6 |     6 |    25 ||    46
       Lee's Rapid Decon |       |       |     5 |    20 |    36 ||    61
       Borgnjor's Vile C |       |       |       |    29 |    70 ||    99
       Iron Shot         |       |       |       |       |    15 ||    15
Invok: Sacrifice Drink   |       |       |     1 |       |       ||     1
       Sacrifice Love    |       |       |       |     1 |       ||     1
       Sacrifice Purity  |       |       |       |     1 |       ||     1
       Reject Sacrifices |       |       |       |       |     2 ||     2
       Draw Out Power    |       |       |       |       |     2 ||     2
Evoke: Wand              |       |       |       |       |     5 ||     5
  Use: Scroll            |       |    14 |     3 |    10 |    11 ||    38
       Potion            |       |     1 |     1 |       |     3 ||     5
 Stab: Sleeping          |     2 |     3 |       |     4 |     3 ||    12
       Distracted        |       |       |       |     3 |     1 ||     4
       Invisible         |       |       |       |     1 |     6 ||     7
  Eat: Chunk             |     4 |    11 |    12 |    35 |    50 ||   112
       Ration            |       |       |     2 |     3 |     9 ||    14
Armor: Robe              |    22 |    79 |    45 |       |       ||   146
       Leather armour    |       |       |    24 |   259 |   462 ||   745
Dodge: Dodged            |    29 |   163 |   167 |   280 |   459 ||  1098
Block: Buckler           |       |       |       |   103 |   248 ||   351
       Reflection        |       |       |       |     1 |     9 ||    10

Table legend:
 A = Non-vault XP
 B = Vault XP
 C = Vault XP percentage of total XP
 D = Non-vault monster count
 E = Vault monster count
 F = Vault count percentage of total count
                 A         B        C        D         E       F
            +---------+---------+-------+---------+---------+-------
      Total |   73592 |   34422 |  31.9 |     505 |      99 |  16.4
            +---------+---------+-------+---------+---------+-------
        D:1 |      60 |       5 |   7.7 |      25 |       3 |  10.7
        D:2 |      33 |       0 |   0.0 |      19 |       0 |   0.0
        D:3 |     119 |      23 |  16.2 |      35 |       7 |  16.7
        D:4 |     156 |       0 |   0.0 |      11 |       0 |   0.0
        D:5 |     407 |      18 |   4.2 |      15 |       6 |  28.6
        D:6 |     522 |       0 |   0.0 |      18 |       0 |   0.0
        D:7 |     368 |    1573 |  81.0 |       8 |       3 |  27.3
        D:8 |    1262 |    4322 |  77.4 |      25 |      14 |  35.9
        D:9 |     935 |     759 |  44.8 |      15 |      14 |  48.3
       D:10 |    2283 |       0 |   0.0 |      20 |       0 |   0.0
       D:11 |    3334 |     858 |  20.5 |      39 |       5 |  11.4
       D:12 |    3445 |    3710 |  51.9 |      28 |       2 |   6.7
       D:13 |    4455 |    7830 |  63.7 |      36 |       8 |  18.2
       D:14 |    6794 |    1619 |  19.2 |      20 |       2 |   9.1
       D:15 |    9434 |    6228 |  39.8 |      27 |       5 |  15.6
     Lair:1 |    3164 |     952 |  23.1 |      14 |       3 |  17.6
     Lair:2 |    3776 |     877 |  18.8 |      15 |       4 |  21.1
     Lair:3 |    4313 |    1369 |  24.1 |      19 |       6 |  24.0
     Lair:4 |    3406 |       0 |   0.0 |      20 |       0 |   0.0
     Lair:5 |    8432 |       0 |   0.0 |      22 |       0 |   0.0
     Lair:6 |   15696 |    1372 |   8.0 |      52 |       1 |   1.9
      Orc:1 |    1070 |     995 |  48.2 |      20 |       1 |   4.8
      Orc:2 |     128 |     511 |  80.0 |       2 |       1 |  33.3
        Lab |       0 |    1269 | 100.0 |       0 |       1 | 100.0
      Sewer |       0 |     132 | 100.0 |       0 |      13 | 100.0
            +---------+---------+-------+---------+---------+-------
